AoeStats
← 笨包特爱玩

Arena

510324717Analyzed
4v4 RM · 8h ago on Sep 30, 2026· 45m 50s· 8 players
Game mode
Random Map
Map size
Large (8 player)
Population
200
Speed
Normal
Resources
Standard
Victory
Conquest
Starting age
Dark Age
Ending age
Imperial Age
RankedLock teamsTeams togetherTeam positionsShared explorationLock speedFull tech treeHidden civsTurbo modeCheats
Victory
Defeat
🇮🇳 Mongols · India
1095
+16
🇹🇼 Poles · Taiwan
1092
+16
🇲🇾 Vietnamese · Malaysia
1068
+17
🇲🇽 Dravidians · Mexico
1045
+53
🇳🇱 Bohemians · Netherlands
1177
-19
🇪🇸 Varangians · Spain
1114
-17
🇫🇷 Turks · France
1061
-16
🇦🇷 Persians · Argentina
1052
-15
萊姆王帥帥毛
1:58 Loom
10:56 Feudal Age
11:35 Horse Collar
11:44 Double-Bit Axe
17:03 Bloodlines
22:45 Castle Age
23:48 Scale Barding Armor
23:05 Light Cavalry
23:45 Husbandry
25:39 Bow Saw
25:52 Chain Barding Armor
25:42 Forging
27:57 Iron Casting
27:55 Stone Mining
27:55 Gold Mining
31:15 Heavy Plow
35:00 Imperial Age
33:09 Wheelbarrow
32:20 Town Watch
33:14 Stone Shaft Mining
34:19 Szlachta Privileges
35:17 Cavalier
36:40 Conscription
39:31 Lechitic Legacy
40:23 Crop Rotation
39:25 Winged Hussar
42:34 Hoardings
43:29 Spies/Treason
Arvolen
10:18 Feudal Age
15:17 Castle Age
13:14 Horse Collar
13:29 Double-Bit Axe
14:27 Stone Mining
16:13 Bow Saw
18:47 Gold Mining
22:30 Crossbowman
25:08 Heavy Plow
25:39 Fletching
25:49 Padded Archer Armor
25:50 Loom
26:44 Wheelbarrow
27:03 Thumb Ring
28:51 Bodkin Arrow
30:16 Leather Archer Armor
30:53 Ballistics
31:01 Bloodlines
30:51 Husbandry
30:42 Light Cavalry
30:45 Elite Skirmisher
35:04 Imperial Age
32:50 Hand Cart
33:48 Town Watch
34:14 Scale Barding Armor
34:19 Forging
35:19 Stone Shaft Mining
34:48 Scale Mail Armor
34:23 Pikeman
35:03 Squires
35:26 Arbalester
35:29 Imperial Skirmisher
36:24 Bracer
36:28 Halberdier
39:22 Chemistry
42:02 Ring Archer Armor
42:58 Iron Casting
42:38 Chain Mail Armor
42:43 Chain Barding Armor
44:14 Two-Man Saw
43:47 Crop Rotation
43:39 Sanctity
43:19 Devotion
43:55 Theocracy
43:15 Herbal Medicine
43:45 Illumination
43:36 Block Printing
43:21 Atonement
43:34 Masonry
43:04 Treadmill Crane
43:14 Heated Shot
43:45 Bombard Tower
43:31 Siege Engineers
43:36 Fortified Wall
ultrasur
11:00 Feudal Age
12:20 Wheelbarrow
15:50 Castle Age
13:35 Loom
13:37 Double-Bit Axe
13:45 Gold Mining
14:42 Horse Collar
15:13 Loom
16:56 Bow Saw
19:26 Loom
21:39 Gold Shaft Mining
24:18 Hand Cart
28:09 Imperial Age
28:16 Imperial Age
26:18 Fletching
26:49 Ballistics
26:30 Padded Archer Armor
27:16 Town Watch
28:25 Thumb Ring
28:17 Bodkin Arrow
29:01 Bloodlines
28:55 Husbandry
29:40 Parthian Tactics
29:18 Husbandry
30:24 Conscription
30:07 Bracer
30:07 Stone Mining
30:23 Heavy Plow
31:37 Leather Archer Armor
32:24 Chemistry
32:17 Stone Shaft Mining
32:48 Elite Mangudai
33:44 Fortified Wall
37:28 Town Watch
39:59 Hoardings
39:25 Murder Holes
39:42 Masonry
39:37 Town Patrol
笨包特爱玩
10:05 Feudal Age
13:42 Castle Age
11:43 Double-Bit Axe
11:59 Horse Collar
14:38 Bow Saw
14:41 Heavy Plow
20:26 Loom
22:29 Wheelbarrow
27:07 Imperial Age
24:54 Gold Mining
25:48 Hand Cart
25:27 Stone Mining
25:41 Fletching
26:37 Ballistics
26:17 Bodkin Arrow
26:59 Padded Archer Armor
27:40 Medical Corps
28:59 Two-Man Saw
29:02 Chemistry
28:06 Bracer
28:55 Leather Archer Armor
30:55 Ring Archer Armor
31:07 Thumb Ring
32:19 Husbandry
31:51 Elite Elephant Archer
33:54 Siege Elephant
43:20 Spies/Treason
MIB Asterix
10:54 Feudal Age
15:08 Castle Age
13:11 Double-Bit Axe
13:13 Horse Collar
16:42 Wheelbarrow
16:20 Bow Saw
16:54 Loom
21:57 Heavy Plow
24:26 Fletching
25:32 Hand Cart
26:41 Pikeman
27:21 Squires
31:50 Imperial Age
29:49 Fervor
30:59 Chemistry
31:48 Scale Mail Armor
31:59 Forging
33:50 Bombard Tower
33:50 Ballistics
33:41 Wagenburg Tactics
33:57 Conscription
34:29 Bodkin Arrow
34:47 Fortified Wall
34:48 Masonry
34:33 Murder Holes
34:59 Siege Engineers
35:18 Onager
37:51 Architecture
Strictness
1:49 Loom
10:12 Feudal Age
10:39 Double-Bit Axe
10:35 Horse Collar
16:50 Castle Age
15:44 Forging
15:48 Gold Mining
16:40 Scale Barding Armor
19:46 Iron Casting
21:46 Bow Saw
21:45 Husbandry
23:36 Wheelbarrow
23:56 Heavy Plow
25:47 Stone Mining
30:48 Imperial Age
29:10 Gold Shaft Mining
29:04 Chain Barding Armor
29:06 Bloodlines
29:46 Fletching
30:24 Ballistics
32:32 Two-Man Saw
33:29 Blast Furnace
33:17 Hand Cart
35:08 Elite Janissary
36:00 Arrowslits
36:11 Murder Holes
36:26 Fortified Wall
00_00
7:58 Loom
10:12 Feudal Age
15:00 Castle Age
13:08 Double-Bit Axe
13:14 Horse Collar
16:27 Stone Mining
22:41 Wheelbarrow
27:31 Imperial Age
25:31 Hand Cart
25:59 Scale Barding Armor
26:52 Forging
27:34 Bloodlines
27:36 Husbandry
28:21 Ballistics
27:54 Fletching
30:00 Gold Mining
31:47 Conscription
32:20 Elite Jarl
33:54 Iron Casting
35:25 Chain Barding Armor
Duck Rattlehead
0:35 Loom
11:20 Feudal Age
14:46 Castle Age
13:38 Double-Bit Axe
13:34 Horse Collar
15:35 Wheelbarrow
15:54 Heavy Plow
22:48 Fletching
Connection lost

Rejoining the realm…

Still unreachable

The connection could not be restored.

Session expired

The server has moved on; the page needs a fresh start.